 Dungeon Crawl Stone Soup version 0.20.1-1-g8b1a95d (webtiles) character file.

227286 Gargoyl the Peltast (level 18, -1/219 HPs)
             Began as a Minotaur Abyssal Knight on Aug 13, 2017.
             Was an Elder of Lugonu.
             Slain by an ogre mage
             ... wielding a +0 flail
             ... led by an ironheart preserver
              (5 damage)
             ... on level 2 of the Vaults.
             The game lasted 01:28:44 (43583 turns).

Gargoyl the Peltast (Minotaur Abyssal Knight)      Turns: 43583, Time: 01:28:44

Health: -1/219     AC: 31    Str: 27    XL:     18   Next: 67%
Magic:  28/29      EV: 13    Int: 15    God:    Lugonu [****..]
Gold:   19         SH: 19    Dex: 18    Spells: 17/17 levels left

rFire    + . .     SeeInvis +   a - +6 war axe "Grom" {freeze, rF+}
rCold    . . .     Gourm    .   n - +3 shield
rNeg     . . .     Faith    .   O - +7 chain mail of Ynnipn {MR+ rCorr Dex+3}
rPois    +         Spirit   .   P - +2 hat {SInv}
rElec    +         Reflect  .   t - +1 cloak
rCorr    +         Harm     .   u - +0 pair of gloves of the Game of Life {rElec Int+4 Dex+2}
MR       ++++.     Clarity  +   o - +0 pair of boots
Stlth    ..........             h - amulet of regeneration
Regen    0.9/turn               Z - ring of protection from magic
MPRegen  0.3/turn               N - ring of protection from magic

@: berserking, studying Axes, very quick
A: retaliatory headbutt, hooves 1, horns 2, yellow scales 1, clarity, clever 1,
frail 1, poison resistance
}: 1/15 runes: gossamer
a: Depart the Abyss, Bend Space, Banish, Corrupt, Renounce Religion


You were on level 2 of the Vaults.
You worshipped Lugonu.
Lugonu was greatly pleased with you.
You were not hungry.

You visited 5 branches of the dungeon, and saw 29 of its levels.
You visited the Abyss 4 times.
You visited 1 bazaar.
You also visited: Ossuary.

You collected 3372 gold pieces.
You spent 3353 gold pieces at shops.

Inventory:

Hand Weapons
 a - the +6 war axe "Grom" (weapon) {freeze, rF+}
   (You bought it in a shop on level 14 of the Dungeon)

   It has been specially enchanted to freeze those struck by it, causing extra
   injury to most foes and up to half again as much damage against particularly
   susceptible opponents.
   It can also slow down cold-blooded creatures.
   It protects you from fire.
 g - the +8 mace "Hepneatz" {crush, rPois Int+3}
   (You found it on level 2 of the Abyss)

   It inflicts extra damage upon your enemies.
   It affects your intelligence (+3).
   It protects you from poison.
 k - a +2 broad axe
Armour
 n - a +3 shield (worn)
 o - a +0 pair of boots (worn)
 t - a +1 cloak (worn)
 u - the +0 pair of gloves of the Game of Life (worn) {rElec Int+4 Dex+2}
   (You acquired it on level 1 of the Vaults)

   It affects your intelligence (+4).
   It affects your dexterity (+2).
   It insulates you from electricity.
 O - the +7 chain mail of Ynnipn (worn) {MR+ rCorr Dex+3}
   (You acquired it on level 4 of the Lair of Beasts)

   It affects your dexterity (+3).
   It affects your resistance to hostile enchantments.
   It protects you from acid and corrosion.
 P - a +2 hat of see invisible (worn)
Jewellery
 h - an amulet of regeneration (around neck)
 l - an uncursed ring of protection from fire
 N - a ring of protection from magic (right hand)
 R - a +2 ring of evasion
 U - an uncursed ring of positive energy
 Z - a ring of protection from magic (left hand)
Wands
 y - a wand of acid (4/15)
 E - a wand of random effects (8/48)
 K - a wand of random effects (17/48)
 Q - a wand of acid (6/15)
Scrolls
 b - a scroll of silence
 i - 12 scrolls of identify
 m - 13 scrolls of remove curse
 p - 2 scrolls of fog
 r - 2 scrolls of amnesia
 v - 14 scrolls of teleportation
 A - 3 scrolls of immolation
 C - 6 scrolls of magic mapping
 F - 4 scrolls of blinking
 X - 6 scrolls of recharging
Potions
 e - 2 potions of haste
 f - 3 potions of might
 s - 8 potions of flight
 w - 7 potions of invisibility
 z - 2 potions of cancellation
 B - a potion of ambrosia
 D - 5 potions of curing
 I - a potion of magic
 J - a potion of agility
 V - 7 potions of brilliance
Books
 G - a book of Enchantments

   Spells                             Type                      Level
   a - Cause Fear                     Hexes                        4
   b - Yara's Violent Unravelling     Hexes/Transmutation          5
   c - Silence                        Hexes/Air                    5
   d - Deflect Missiles               Charms/Air                   6
   e - Discord                        Hexes                        8
 L - a manual of Axes
Miscellaneous
 H - a lightning rod (4/4)
Comestibles
 c - a bread ration
 d - 19 meat rations
 j - 22 fruits
 q - 19 royal jellies


   Skills:
 + Level 15.1 Fighting
 + Level 16.9(18.5) Axes
 + Level 13.8(17.0) Maces & Flails
 * Level 16.2 Armour
 + Level 5.4 Dodging
 + Level 16.9 Shields
 * Level 16.0 Invocations


You had 17 spell levels left.
You didn't know any spells.

Dungeon Overview and Level Annotations

Branches:
Dungeon (15/15)            Temple (0/1) D:7            Lair (6/6) D:10
  Swamp (0/4) Lair:2       Spider (4/4) Lair:2        Slime (0/5) Lair:5
    Orc (2/2) D:9             Elf (0/3) Orc:2        Vaults (2/5) D:14
  Crypt (0/3) Vaults:2     Depths (0/5) D:15

Altars:
Ashenzari
Cheibriados
Makhleb
Vehumet
Beogh

Shops:
D:9 [   D:14 *   Orc:2 [![(   Vaults:1 %

Annotations:
D:8 Prince Ribbit
Vaults:2 Frederick, Xtahua
Abyss:1 Rupert


Innate Abilities, Weirdness & Mutations

You reflexively headbutt those who attack you in melee.
You have a pair of horns on your head.
You have large cloven feet.
You are partially covered in yellow scales. (AC +2)
You possess an exceptional clarity of mind.
Your mind is acute. (Int +2)
You are frail. (-10% HP)
Your system is resistant to poisons. (rPois)


Message History

You kill the yaktaur captain!
Lugonu accepts your kill.
You slice the two-headed ogre!! You freeze the two-headed ogre!
You kill the two-headed ogre!
Lugonu accepts your kill.
You completely miss the vault sentinel. You miss the vault sentinel.
The vault sentinel is almost dead.
The ogre mage casts a spell at you. The bolt of poison hits you! You resist.
* * * LOW HITPOINT WARNING * * *
You block the vault sentinel's attack.
Unknown command.
You slash the vault sentinel! You freeze the vault sentinel.
You kill the vault sentinel!
Lugonu accepts your kill.
Your Invocations skill increases to level 16!
Unknown command.
The ogre mage hits you with a flail.
You die...

,,,*****,*,*,,,,,,,,*
,,,,,,**,,,#........#
,,,,,,***'##........#
,,,,,,,,,...........#
,,,,,,,,,...........#
,,,,,,,,,...........#
,,,,,,,,,...........#
,,,,,,,,,.......))..#
,,,,,,,,,......O@)).#
,,,,,,,,,.......)().#
*********#########..#
#..# #..# #..# #..#
#..# #..#


You could see an ogre mage (invisible).

Vanquished Creatures
  Saint Roka (Orc:2)
  Bai Suzhen (Spider:2)
  Arachne (Spider:2)
  A sphinx (shapeshifter) (D:13)
  Gastronok (Lair:1)
  3 ghost moths (Spider:4)
  4 vault wardens
  Aizul (Spider:1)
  A deep elf sorcerer (Vaults:1)
  A ghoul (Vaults:2)
  9 ironheart preservers
  3 entropy weavers
  4 emperor scorpions
  The ghost of volde25 the Impaler, a journeyman MiGl (D:15)
  The ghost of volde25 the Impaler, a journeyman MiFi of Ru (Lair:5)
  Nessos (Lair:5)
  A deep elf annihilator (Vaults:1)
  3 deep elf demonologists (Vaults:1)
  4 spark wasps
  Snorg (D:11)
  A deep elf death mage (Vaults:1)
  4 fire dragons
  6 yaktaur captains
  The ghost of vlindergert the Severer, a journeyman HOFi of Makhleb (D:11)
  Harold (Lair:3)
  Erolcha (D:9)
  2 vault guards (D:14)
  5 hydras
  A rakshasa (D:14)
  3 ice dragons
  17 two-headed ogres
  5 centaur warriors
  7 ogre magi
  A tengu warrior (D:15)
  An orc high priest (Orc:2)
  4 deep elf knights
  Nergalle (Lair:3)
  2 wretched stars (Abyss:1)
  2 skeletal warriors
  2 unseen horrors
  3 deep elf archers (Vaults:1)
  2 lindwurms (Lair:6)
  7 ironbrand convokers
  Pikel (D:9)
  2 starcursed masses (Abyss:1)
  5 orc sorcerers
  8 orc knights
  8 orb spiders
  28 wolf spiders
  A manticore (D:14)
  13 ugly things
  11 deep elf magi
  An oklob plant (Lair:5)
  3 moths of wrath
  A mana viper (shapeshifter) (Vaults:1)
  3 cyclopes
  9 elephants
  3 black mambas
  7 centaur zombies
  Psyche (D:12)
  2 gargoyles
  7 vault sentinels
  Maurice (D:8)
  10 torpor snails
  14 spiny frogs
  A komodo dragon (shapeshifter) (Vaults:1)
  23 yaktaurs
  6 demonic crawlers
  An efreet (D:15)
  A kobold demonologist (D:11)
  2 rime drakes
  9 komodo dragons
  2 freezing wraiths (Vaults:1)
  A harpy zombie (D:14)
  2 tengu conjurers (D:14)
  10 polar bears
  8 trolls
  2 tyrant leeches (Lair:6)
  A blink frog (shapeshifter) (D:13)
  35 jumping spiders
  8 slime creatures
  19 hornets
  4 raiju (Lair:6)
  11 dream sheep
  8 hippogriffs
  15 blink frogs
  A human simulacrum (Vaults:1)
  A flying skull (Vaults:2)
  37 yaks
  28 tarantellas
  3 wraiths
  2 shadows
  88 redbacks
  5 wyverns
  A basilisk (shapeshifter) (Vaults:2)
  A small abomination (Abyss:1)
  6 basilisks
  3 hungry ghosts
  6 vampire mosquitoes (D:15)
  3 swamp worms
  13 wargs
  11 hell hounds (Lair:6)
  2 acid dragons
  3 soldier ants
  7 water moccasins
  11 porcupines
  A sky beast (D:13)
  4 ice beasts
  14 black bears
  40 orc warriors
  23 ogres
  A necrophage (D:9)
  An ogre (shapeshifter) (D:13)
  5 phantoms
  13 wolves (Lair:6)
  15 centaurs
  16 crocodiles
  4 big kobolds
  22 bullfrogs
  The ghost of Giltor the Sneak, an amateur SpEn (D:3)
  A wyvern zombie (D:8)
  A gnoll sergeant (D:8)
  A water moccasin skeleton (D:7)
  6 scorpions
  3 killer bees (D:9)
  A troll zombie (D:9)
  7 wights
  3 electric eels
  2 howler monkeys (D:12)
  7 crimson imps
  2 quasits
  4 bullfrog skeletons
  13 hounds
  9 centaur skeletons
  8 jellies
  18 orc priests
  20 orc wizards
  8 iguanas
  Terence (D:3)
  9 worker ants
  A killer bee zombie (D:3)
  7 ogre zombies (D:9)
  7 big kobold zombies (Ossuary)
  2 hound skeletons
  A mummy (Ossuary)
  A howler monkey zombie (D:5)
  9 gnolls
  2 worker ant zombies
  17 adders
  18 worms
  4 dart slugs
  6 leopard geckos
  86 orcs
  2 spectral bats (Ossuary)
  2 ball pythons
  9 bats
  4 giant cockroaches
  5 gnoll zombies (Ossuary)
  8 goblins
  4 hobgoblins
  16 jackals
  25 kobolds
  7 quokkas
  2 bat simulacra (Ossuary)
  3 frilled lizards (D:3)
  3 goblin simulacra (Ossuary)
  8 goblin zombies
  A hobgoblin skeleton (D:9)
  2 hobgoblin zombies (D:9)
  3 kobold simulacra (Ossuary)
  7 kobold zombies (Ossuary)
  A leopard gecko skeleton (D:8)
  3 orc skeletons (D:9)
  22 orc zombies
  A quokka zombie (D:6)
  7 rats
  A rat zombie (D:4)
  3 spectral goblins (Ossuary)
  4 spectral kobolds (Ossuary)
  3 spectral rats (Ossuary)
  A fungus (Lair:6)
  3 plants (Lair:6)
1267 creatures vanquished.

Vanquished Creatures (collateral kills)
  A moth of wrath (Spider:4)
  A hornet (Spider:4)
2 creatures vanquished.

Vanquished Creatures (others)
  2 hydras (Lair:6)
  A death knight (Vaults:1)
  4 orb spiders
  5 oklob plants (Lair:5)
  A black mamba (Lair:5)
  A freezing wraith (Vaults:1)
  A tyrant leech (Lair:6)
  3 redbacks
  A small abomination (Abyss:1)
  3 swamp worms (D:8)
  An orc warrior (Orc:1)
  A slave (D:9)
  An orc (Orc:2)
  6 fungi (Lair:6)
  26 plants
57 creatures vanquished.

Grand Total: 1326 creatures vanquished

Notes
Turn   | Place    | Note
-------+----------+-------------------------------------------
     0 | Abyss:1  | Gargoyl the Minotaur Abyssal Knight began the quest for the Orb.
     0 | Abyss:1  | Reached XP level 1. HP: 19/19 MP: 1/1
    31 | Abyss:1  | Found a corrupted altar of Lugonu.
    67 | Abyss:2  | Got a fine mace
    68 | Abyss:2  | Identified the +8 mace "Hepneatz" {crush, rPois Int+3} (You found it on level 2 of the Abyss)
   115 | Abyss:2  | Noticed a small abomination
   122 | Abyss:2  | Noticed an orange demon
   206 | Abyss:3  | Noticed an ancient zyme
   209 | D:1      | Escaped the Abyss
   474 | D:1      | Reached XP level 2. HP: 27/27 MP: 2/2
   575 | D:1      | Reached * piety under Lugonu
   600 | D:1      | You fall through a shaft!
   955 | D:1      | Reached XP level 3. HP: 29/33 MP: 3/3
  1191 | D:2      | Reached skill level 1 in Maces & Flails
  1657 | D:2      | Reached ** piety under Lugonu
  1931 | D:3      | Reached XP level 4. HP: 39/41 MP: 4/4
  2406 | D:3      | Noticed Giltor's ghost (amateur SpEn)
  2420 | D:3      | Killed Giltor's ghost
  2420 | D:3      | Reached XP level 5. HP: 32/47 MP: 4/6
  2750 | D:3      | Reached skill level 5 in Fighting
  3025 | D:3      | Noticed Terence
  3033 | D:3      | Killed Terence
  3181 | D:3      | Reached XP level 6. HP: 37/56 MP: 7/7
  3332 | D:4      | Found a sand-covered staircase.
  3342 | Ossuary  | Entered an ossuary
  3366 | Ossuary  | Reached *** piety under Lugonu
  3421 | Ossuary  | Reached skill level 1 in Shields
  3687 | Ossuary  | Reached **** piety under Lugonu
  3968 | D:4      | Found a radiant altar of Vehumet.
  3986 | D:4      | Reached skill level 5 in Maces & Flails
  3986 | D:4      | Reached XP level 7. HP: 54/61 MP: 8/8
  4403 | D:5      | Entered Level 5 of the Dungeon
  4668 | D:5      | Found a burning altar of Makhleb.
  5320 | D:6      | Reached XP level 8. HP: 70/70 MP: 10/10
  5417 | D:6      | Reached skill level 5 in Armour
  5937 | D:6      | Found a shattered altar of Ashenzari.
  6057 | D:6      | Reached ***** piety under Lugonu
  6347 | D:6      | Reached skill level 5 in Invocations
  6555 | D:7      | Reached XP level 9. HP: 75/78 MP: 11/11
  6667 | D:7      | Found a staircase to the Ecumenical Temple.
  7474 | D:7      | Reached skill level 5 in Shields
  7745 | D:8      | Gained mutation: You tend to lose your temper in combat. [potion of mutation]
  7745 | D:8      | Gained mutation: You are covered in fur. (AC +1) [potion of mutation]
  7803 | D:8      | Noticed Maurice
  7825 | D:8      | Killed Maurice
  8068 | D:8      | Reached skill level 10 in Maces & Flails
  8124 | D:8      | Noticed a two-headed ogre
  8143 | D:8      | Killed a two-headed ogre
  8143 | D:8      | Reached XP level 10. HP: 46/88 MP: 13/13
  8823 | D:8      | HP: 1/88 [swamp worm (16)]
  9199 | D:8      | Noticed Prince Ribbit
  9935 | D:9      | Found a staircase to the Orcish Mines.
 10221 | D:9      | Found Loack's Antique Armour Shop.
 10228 | D:9      | Noticed Erolcha
 10244 | D:9      | Killed Erolcha
 10630 | D:9      | Reached ****** piety under Lugonu
 10641 | D:9      | Noticed Pikel
 10651 | D:9      | Killed Pikel
 10651 | D:9      | Reached XP level 11. HP: 85/95 MP: 15/15
 10942 | D:10     | Entered Level 10 of the Dungeon
 10947 | D:10     | Found a staircase to the Lair.
 11591 | Lair:1   | Entered Level 1 of the Lair of Beasts
 12232 | Lair:1   | Noticed Gastronok
 12249 | Lair:1   | Killed Gastronok
 12871 | Lair:2   | Reached skill level 10 in Armour
 13224 | Lair:2   | Reached XP level 12. HP: 42/106 MP: 12/17
 13475 | Lair:2   | Found a hole to the Spider Nest.
 13589 | Lair:2   | Found a staircase to the Swamp.
 14036 | Lair:3   | Noticed Nergalle
 14059 | Lair:3   | Killed Nergalle
 14223 | Lair:3   | Reached skill level 10 in Shields
 15007 | Lair:3   | Got a shimmering hand axe
 15008 | Lair:3   | Identified the +4 hand axe of Overwhelming Force {flame, MP+9 Str+4 Dex-4} (You found it on level 3 of the Lair of Beasts)
 15123 | Lair:3   | Noticed Harold
 15162 | Lair:2   | Reached skill level 5 in Axes
 15364 | Lair:2   | Reached skill level 10 in Fighting
 15636 | Lair:3   | Killed Harold
 16041 | Lair:4   | Found a snail-covered altar of Cheibriados.
 16140 | Lair:4   | Noticed an eight-headed hydra
 16149 | Lair:4   | Killed an eight-headed hydra
 16362 | Lair:4   | Noticed a six-headed hydra
 16371 | Lair:4   | Killed a six-headed hydra
 16514 | Lair:4   | Identified a scroll of acquirement
 16515 | Lair:4   | Got an encrusted chain mail
 16526 | Lair:4   | Identified the +7 chain mail of Ynnipn {MR+ rCorr Dex+3} (You acquired it on level 4 of the Lair of Beasts)
 16784 | Lair:4   | Reached skill level 10 in Invocations
 17626 | Lair:5   | Reached XP level 13. HP: 66/114 MP: 15/19
 17966 | Lair:5   | Found a staircase to the Slime Pits.
 17981 | Lair:5   | Noticed Rupert
 18034 | Lair:5   | Banished Rupert
 18132 | Lair:5   | Noticed volde25's ghost (journeyman MiFi)
 18698 | Lair:5   | Noticed Nessos
 18730 | Lair:5   | Killed Nessos
 18906 | Lair:5   | Lost mutation: You tend to lose your temper in combat. [potion of mutation]
 18906 | Lair:5   | Lost mutation: You are covered in fur. (AC +1) [potion of mutation]
 18906 | Lair:5   | Gained mutation: You are somewhat resistant to further mutation. [potion of mutation]
 18906 | Lair:5   | Gained mutation: You are agile. (Dex +2) [potion of mutation]
 19176 | Lair:5   | Killed volde25's ghost
 19707 | Lair:6   | Entered Level 6 of the Lair of Beasts
 20164 | Lair:6   | Lost mutation: You are agile. (Dex +2) [potion of mutation]
 20164 | Lair:6   | Lost mutation: You are somewhat resistant to further mutation. [potion of mutation]
 20164 | Lair:6   | Gained mutation: You are dopey. (Int -2) [potion of mutation]
 20164 | Lair:6   | Gained mutation: Your spells are a little harder to cast, but a little more powerful. [potion of mutation]
 20472 | Lair:6   | Reached XP level 14. HP: 112/124 MP: 21/21
 20564 | Lair:6   | Reached skill level 10 in Axes
 21918 | Lair:6   | Found a runed door.
 22390 | Lair:6   | Paralysed by a hornet for 2 turns
 24312 | D:11     | Noticed Snorg
 24324 | D:11     | Killed Snorg
 24871 | D:11     | Noticed vlindergert's ghost (journeyman HOFi)
 24924 | D:11     | Killed vlindergert's ghost
 25655 | D:12     | Noticed Psyche
 25662 | D:12     | Killed Psyche
 26546 | D:13     | Gained mutation: You are clumsy. (Dex -2) [mutagenic meat]
 26547 | D:13     | Gained mutation: You are somewhat resistant to further mutation. [mutagenic meat]
 26710 | D:13     | Noticed a quicksilver dragon
 26727 | D:13     | Noticed a sphinx
 26727 | D:13     | a quicksilver dragon changed into a sphinx
 26733 | D:13     | Killed a sphinx
 27185 | D:14     | Lost mutation: You are somewhat resistant to further mutation. [potion of mutation]
 27185 | D:14     | Lost mutation: You are clumsy. (Dex -2) [potion of mutation]
 27185 | D:14     | Lost mutation: You are dopey. (Int -2) [potion of mutation]
 27185 | D:14     | Gained mutation: You evolve. [potion of mutation]
 27185 | D:14     | Gained mutation: You tend to lose your temper in combat. [potion of mutation]
 27185 | D:14     | Gained mutation: Your mind is acute. (Int +2) [potion of mutation]
 27520 | Orc:1    | Entered Level 1 of the Orcish Mines
 27698 | Orc:1    | Reached XP level 15. HP: 132/132 MP: 23/23
 28337 | Orc:2    | Entered Level 2 of the Orcish Mines
 28358 | Orc:2    | Found a staircase to the Elven Halls.
 28397 | Orc:2    | Noticed Saint Roka
 28819 | Orc:2    | Killed Saint Roka
 29192 | Orc:2    | Found a roughly hewn altar of Beogh.
 29234 | Orc:2    | Found a roughly hewn altar of Beogh.
 29255 | Orc:2    | Found a roughly hewn altar of Beogh.
 29357 | Orc:2    | Found a roughly hewn altar of Beogh.
 29358 | Orc:2    | Found Atzingut's Antique Armour Boutique.
 29459 | Orc:2    | Bought a pair of boots for 121 gold pieces
 29549 | Orc:2    | Found a roughly hewn altar of Beogh.
 29587 | Orc:2    | Found a roughly hewn altar of Beogh.
 29588 | Orc:2    | Found Tiredgh's Distillery.
 29594 | Orc:2    | Cast into level 1 of the Abyss (orc warrior)
 29644 | Orc:2    | Escaped the Abyss
 29758 | Orc:2    | Noticed an orc warlord
 30091 | Orc:2    | Bought a potion of mutation for 112 gold pieces
 30091 | Orc:2    | Bought a potion of heal wounds for 70 gold pieces
 30091 | Orc:2    | Lost mutation: Your mind is acute. (Int +2) [potion of mutation]
 30091 | Orc:2    | Lost mutation: Your spells are a little harder to cast, but a little more powerful. [potion of mutation]
 30091 | Orc:2    | Lost mutation: You evolve. [potion of mutation]
 30091 | Orc:2    | Lost mutation: You tend to lose your temper in combat. [potion of mutation]
 30091 | Orc:2    | Gained mutation: You are robust. (+10% HP) [potion of mutation]
 30091 | Orc:2    | Gained mutation: You have a beak for a mouth. [potion of mutation]
 30091 | Orc:2    | Gained mutation: Your spells are a little harder to cast, but a little more powerful. [potion of mutation]
 30091 | Orc:2    | Gained mutation: You have a pair of large horns on your head. [potion of mutation]
 30111 | Orc:2    | Found Lior's Antique Weapon Shop.
 30112 | Orc:2    | Found a roughly hewn altar of Beogh.
 30118 | Orc:2    | Found Xyuteleg's Antique Armour Boutique.
 30138 | Orc:2    | Bought a faintly glowing shield for 237 gold pieces
 30148 | Orc:2    | Identified the +1 shield of the Vacuum {*Slow Str+3 Slay+2} (You bought it in a shop on level 2 of the Orcish Mines)
 30161 | Orc:2    | Bought an embroidered cloak for 187 gold pieces
 30828 | Lair:6   | Lost mutation: You have a pair of large horns on your head. [potion of mutation]
 30828 | Lair:6   | Lost mutation: You are robust. (+10% HP) [potion of mutation]
 30828 | Lair:6   | Lost mutation: Your spells are a little harder to cast, but a little more powerful. [potion of mutation]
 30828 | Lair:6   | Gained mutation: You have sharp fingernails. [potion of mutation]
 30828 | Lair:6   | Gained mutation: Armour fits poorly on your strangely shaped body. [potion of mutation]
 30828 | Lair:6   | Gained mutation: Potions are less effective at restoring your health. [potion of mutation]
 30828 | Lair:6   | Gained mutation: You possess an exceptional clarity of mind. [potion of mutation]
 30829 | Lair:6   | Lost mutation: You possess an exceptional clarity of mind. [potion of mutation]
 30829 | Lair:6   | Lost mutation: Armour fits poorly on your strangely shaped body. [potion of mutation]
 30829 | Lair:6   | Lost mutation: You have sharp fingernails. [potion of mutation]
 30829 | Lair:6   | Lost mutation: You have a beak for a mouth. [potion of mutation]
 30829 | Lair:6   | Lost mutation: Potions are less effective at restoring your health. [potion of mutation]
 30829 | Lair:6   | Gained mutation: Your mind is acute. (Int +2) [potion of mutation]
 30829 | Lair:6   | Gained mutation: Your magical capacity is low. (-10% MP) [potion of mutation]
 30829 | Lair:6   | Gained mutation: Your system is resistant to poisons. (rPois) [potion of mutation]
 30829 | Lair:6   | Gained mutation: You are partially covered in yellow scales. (AC +2) [potion of mutation]
 31234 | D:14     | Found a gate to the Vaults.
 31346 | D:14     | Found Fofioj's Assorted Antiques.
 31389 | D:14     | Lost mutation: Your magical capacity is low. (-10% MP) [mutagenic meat]
 31398 | D:14     | Gained mutation: You are clumsy. (Dex -2) [mutagenic meat]
 31399 | D:14     | Gained mutation: You possess an exceptional clarity of mind. [mutagenic meat]
 31400 | D:14     | Gained mutation: You are frail. (-10% HP) [mutagenic meat]
 31408 | D:14     | Lost mutation: You are clumsy. (Dex -2) [mutagenic meat]
 31416 | D:14     | Gained mutation: You have large cloven feet. [mutagenic meat]
 31423 | D:14     | Bought a translucent war axe for 263 gold pieces
 31423 | D:14     | Bought a scroll of blinking for 232 gold pieces
 31423 | D:14     | Identified the +6 war axe "Grom" {freeze, rF+} (You bought it in a shop on level 14 of the Dungeon)
 32013 | D:15     | Entered Level 15 of the Dungeon
 32181 | D:15     | Noticed volde25's ghost (journeyman MiGl)
 32242 | D:15     | Killed volde25's ghost
 32416 | D:15     | Found a staircase to the Depths.
 33347 | Spider:1 | Entered Level 1 of the Spider Nest
 33449 | Spider:1 | Noticed Aizul
 33467 | Spider:1 | Killed Aizul
 33727 | Spider:1 | Reached XP level 16. HP: 108/126 MP: 25/25
 34619 | Spider:2 | Noticed Arachne
 34666 | Spider:2 | Killed Arachne
 35840 | Spider:3 | Noticed Bai Suzhen
 35994 | Spider:3 | Escaped the Abyss
 36238 | Spider:2 | Killed Bai Suzhen
 36496 | Spider:3 | HP: 3/129 [disintegration (13)]
 36691 | Spider:3 | Reached skill level 15 in Shields
 37515 | Spider:4 | Entered Level 4 of the Spider Nest
 38226 | Spider:4 | Reached XP level 17. HP: 113/135 MP: 26/26
 38577 | Spider:4 | Reached skill level 15 in Axes
 38700 | Spider:4 | Reached skill level 15 in Armour
 39326 | Spider:4 | Got a gossamer rune of Zot
 40036 | Vaults:1 | Entered Level 1 of the Vaults
 40608 | Vaults:1 | Reached skill level 5 in Dodging
 40612 | Vaults:1 | Reached skill level 15 in Invocations
 41254 | Vaults:1 | Got a bloodstained hand axe
 41255 | Vaults:1 | Identified the cursed +1 hand axe of the Shrike {vamp, *Contam rC+ Dex+5} (You found it on level 1 of the Vaults)
 41258 | Vaults:1 | Got a pair of smoking gloves
 41269 | Vaults:1 | Identified the +0 pair of gloves of the Game of Life {rElec Int+4 Dex+2} (You acquired it on level 1 of the Vaults)
 41469 | Vaults:1 | Got a brightly glowing spear {elec}
 41472 | Vaults:1 | Identified the +8 spear of Fear {elec, rPois rF- rC- MR++} (You took it off an orc on level 1 of the Vaults)
 41638 | Vaults:1 | Reached XP level 18. HP: 135/144 MP: 28/28
 41678 | Vaults:1 | HP: 1/144 [freezing wraith (14)]
 41686 | Vaults:1 | HP: 5/144 [yaktaur captain/bolt (16)]
 42020 | Vaults:1 | Found Jepecwea's Food Shop.
 42176 | Vaults:1 | Noticed a Brimstone Fiend
 42319 | Vaults:1 | Noticed a Tzitzimitl
 42487 | Vaults:2 | Noticed Frederick
 42709 | Vaults:2 | Escaped the Abyss
 42720 | Vaults:2 | Noticed Xtahua
 42973 | Vaults:2 | Found a staircase to the Crypt.
 43096 | Vaults:2 | Reached skill level 15 in Fighting
 43285 | Vaults:2 | Found a flickering gateway to a bazaar.
 43297 | Bazaar   | Entered a bazaar
 43301 | Bazaar   | Found Sifovoix's Gadget Boutique.
 43319 | Bazaar   | Found Lulam's Weapon Emporium.
 43336 | Bazaar   | Found Urov's Book Boutique.
 43341 | Bazaar   | Bought a manual of Axes for 1876 gold pieces
 43353 | Bazaar   | Found Kifreqim's Antique Armour Shoppe.
 43402 | Bazaar   | Bought a pair of runed boots for 255 gold pieces
 43579 | Vaults:2 | HP: 6/219 [yaktaur captain (14)]
 43583 | Vaults:2 | Slain by an ogre mage

Skill      XL: |  1  2  3  4  5  6  7  8  9 10 11 12 13 14 15 16 17 18 |
---------------+-------------------------------------------------------+-----
Fighting       | 4 5 6 7 8 9 10 11 12 13 14 15 | 15.1
Armour         | 3 4 5 7 8 10 11 12 13 14 15 16 | 16.2
Invocations    | 2 3 4 5 6 7 8 10 11 12 13 14 15 16 | 16.0
Maces & Flails | 1 2 3 5 7 8 10 11 12 13 | 13.8
Shields        | 1 2 4 5 8 9 11 12 13 14 15 16 | 16.9
Axes           | 7 9 11 13 14 16 | 16.9
Dodging        | 2 3 4 5 |  5.4

Action                   |  1- 3 |  4- 6 |  7- 9 | 10-12 | 13-15 | 16-18 || total
-------------------------+-------+-------+-------+-------+-------+-------++-------
Melee: Mace              |    69 |   171 |   272 |   513 |   534 |    25 ||  1584
       Headbutt          |     4 |    25 |    39 |   212 |   437 |   405 ||  1122
       Hand axe          |       |       |       |   361 |     4 |       ||   365
       War axe           |       |       |       |       |   825 |  1491 ||  2316
       Broad axe         |       |       |       |       |   324 |       ||   324
       Peck              |       |       |       |       |    12 |       ||    12
Throw: Tomahawk          |       |       |     1 |     1 |     2 |       ||     4
Invok: Depart the Abyss  |     1 |       |       |       |     1 |     2 ||     4
       Banish            |       |       |       |     7 |    13 |    32 ||    52
       Bend Space        |       |       |       |     1 |     2 |     1 ||     4
       Enter the Abyss   |       |       |       |       |       |     2 ||     2
 Abil: Evoke Berserk Rag |       |       |       |       |     1 |       ||     1
Evoke: Wand              |       |       |       |       |     4 |     1 ||     5
  Use: Scroll            |     3 |       |    19 |     6 |    14 |    12 ||    54
       Potion            |       |       |     1 |     4 |    17 |    14 ||    36
 Stab: Invisible         |       |       |       |       |     5 |       ||     5
  Eat: Chunk             |     3 |     5 |    15 |    19 |    51 |    22 ||   115
       Bread ration      |       |       |       |     4 |     3 |     5 ||    12
Armor: Leather armour    |    24 |       |       |       |       |       ||    24
       Chain mail        |    10 |     7 |       |    27 |   718 |   878 ||  1640
       Plate armour      |       |    92 |   144 |   483 |       |       ||   719
Dodge: Dodged            |    51 |    12 |    22 |   222 |   628 |   631 ||  1566
Block: Shield            |       |    62 |   122 |   682 |  1515 |  1497 ||  3878
